 Dungeon Crawl Stone Soup version 0.19-a0-1007-g133f65f (webtiles) character file.

28 4thArraOfDagon the Skirmisher (level 3, -10/31 HPs)
             Began as a Draconian Abyssal Knight on July 19, 2016.
             Was a Follower of Lugonu.
             Mangled by Pikel
             ... wielding a +1 whip of electrocution
              (17 damage)
             ... on level 5 of the Dungeon.
             The game lasted 00:02:08 (503 turns).

4thArraOfDagon the Skirmisher (DrAK)                 Turns: 503, Time: 00:02:09

Health: -10/31     AC:  5    Str: 14    XL:     3   Next: 0%
Magic:  4/4        EV: 12    Int: 13    God:    Lugonu [*.....]
Gold:   14         SH:  0    Dex: 12    Spells: 0 memorised, 2 levels left

rFire  . . .     SeeInvis .       - Unarmed
rCold  . . .     Gourm    .     (armour unavailable)
rNeg   . . .     Faith    .     (no shield)
rPois  .         Spirit   .     (helmet restricted)
rElec  .         Dismiss  .     (no cloak)
rCorr  .         Reflect  .     (no gloves)
SustAt .         Harm     .     (no boots)
MR     .....                    (no amulet)
Stlth  +.........               (no ring)
                                i - +2 ring of dexterity

@: very slightly contaminated, not resistant to hostile enchantments, very
unstealthy
A: unfitting armour, cold-blooded, AC +5
a: Depart the Abyss, Renounce Religion


You were on level 5 of the Dungeon.
You worshipped Lugonu.
Lugonu was aware of your devotion.
You were not hungry.

You visited 1 branch of the dungeon, and saw 5 of its levels.
You visited the Abyss 1 time.

You collected 14 gold pieces.

Inventory:

Armour
 c - a +0 buckler
Jewellery
 i - a +2 ring of dexterity (left hand)
Wands
 g - a wand of flame (18/48)
Scrolls
 e - 2 scrolls of identify {unknown}
 f - a scroll of teleportation {unknown}
 h - a scroll of blinking {unknown}
Comestibles
 a - 3 bread rations
 b - a royal jelly
 d - a meat ration


   Skills:
 - Level 3.2 Fighting
 + Level 2.4 Dodging
 * Level 2.8 Unarmed Combat
 + Level 2.5 Invocations


You had 2 spell levels left.
You didn't know any spells.

Dungeon Overview and Level Annotations

Branches:
Dungeon (5/15)
 Temple: D:4-7

Altars:
Nemelex Xobeh
Okawaru

Annotations:
D:5 Pikel


Innate Abilities, Weirdness & Mutations

Your plain brown scales are hard. (AC +5)
Your body does not fit into most forms of armour.
You are cold-blooded and may be slowed by cold attacks.


Message History

Found a plate armour.
Unknown command.
Found a bread ration.
Unknown command.
Okay, then.
Unknown command.
The slave hits you.
Unknown command.
Unknown command.
Pikel shouts!
The slave barely misses you.
Unknown command.
Unknown command.
Unknown command.
Unknown command.
Pikel hits you with a whip of electrocution!
* * * LOW HITPOINT WARNING * * *
You are electrocuted!
Ouch! That really hurt!
You die...

#)# ## ###### #.#..
.# #....%####.#.#
#.# #.....#....#.#
#...
#............##....
#[....#....#.......
#.....##p#p.......#
###### #..p.....#.
#..p@K#### #####.#
... .### .# .# .#
##


You could see Pikel and 4 slaves.

Vanquished Creatures
  An adder (D:3)
  An ufetubus (Abyss:1)
  An adder skeleton (D:4)
  A dart slug (D:3)
  A bat (D:1)
  A giant cockroach (D:1)
  3 hobgoblins
  A kobold (D:1)
10 creatures vanquished.

Notes
Turn   | Place    | Note
-------+----------+-------------------------------------------
     0 | Abyss:1  | 4thArraOfDagon the Draconian Abyssal Knight began the quest for the Orb.
     0 | Abyss:1  | Reached XP level 1. HP: 19/19 MP: 2/2
    27 | Abyss:1  | Noticed a small abomination
    63 | Abyss:1  | Noticed a black mamba zombie
    65 | Abyss:1  | Noticed an octopode
    73 | D:1      | Escaped the Abyss
   109 | D:1      | Reached XP level 2. HP: 10/26 MP: 3/3
   142 | D:2      | Found a sparkling altar of Nemelex Xobeh.
   284 | D:3      | Reached * piety under Lugonu
   360 | D:3      | Found an iron altar of Okawaru.
   391 | D:4      | Reached XP level 3. HP: 12/31 MP: 4/4
   494 | D:5      | Entered Level 5 of the Dungeon
   494 | D:5      | Noticed Pikel
   494 | D:5      | Noticed a slave
   494 | D:5      | Noticed a slave
   494 | D:5      | Noticed a slave
   494 | D:5      | Noticed a slave
   503 | D:5      | Mangled by Pikel

Vault maps used:
D:1:      dpeg_arrival_arbitrary_b, hangedman_feature_mirror
D:2:      kb_forest_paths, nemelex_altar_shiori, overflow_temple_1_default
D:3:      lemuel_doored_altar, gammafunk_pakellas_statue_experiment,
          first_bread, serial_bayou_pond_e, minmay_misc_feat_pillars,
          hangedman_decor_peaks_small, uniq_sigmund
D:4:      lemuel_round_altar, serial_shops, kennysheep_mini,
          roderic_filled_cross
D:5:      nicolae_ru_awakened_eye, serial_shops, shop, uniq_prince_ribbit1,
          uniq_pikel

Action                   || total
-------------------------++-------
Melee: Unarmed           ||    39
       Tailslap          ||     6
       Punch             ||     1
Invok: Depart the Abyss  ||     1
Evoke: Wand              ||     4
  Use: Potion            ||     2
 Stab: Sleeping          ||     1
Armor: Skin              ||    15
Dodge: Dodged            ||    30
